 Dungeon Crawl Stone Soup version 0.30-b1-2-g02819fbbbe (webtiles) character file.

Game seed: 8586333410873789267

152 Ashen the Ogre Mage (level 5, -3/48 HPs)
             Began as an Ogre Hedge Wizard on Jan 18, 2024.
             Splashed by a jelly's acid (8 damage)
             ... on level 4 of the Dungeon.
             The game lasted 00:13:36 (3108 turns).

Ashen the Ogre Mage (Ogre Hedge Wizard)             Turns: 3108, Time: 00:13:37

Health: -3/48      AC: -5    Str: 14    XL:     5   Next: 34%
Magic:  1/11       EV: 14    Int: 17    God:
Gold:   101        SH:  0    Dex:  8    Spells: 2/12 levels left

rFire   . . .        t - +1 hand axe (venom)
rCold   . . .        (no shield)
rNeg    . . .        b - +0 robe
rPois   .            c - +0 hat
rElec   .            (no cloak)
rCorr   .            (gloves unavailable)
SInv    .            (boots unavailable)
Will    +....        (no amulet)
Stlth   +            n - ring of willpower
HPRegen 0.28/turn    s - +5 ring of evasion
MPRegen 0.12/turn

%: no passive effects
@: corroded
A: large, unfitting armour, tough skin 1
a: no special abilities


You were on level 4 of the Dungeon.
You visited 1 branch of the dungeon, and saw 4 of its levels.

You collected 101 gold pieces.

Inventory:

Hand Weapons
 a - a +0 dagger
 g - a +0 whip
 q - a +0 mace
 t - a +1 hand axe of venom (weapon)
Armour
 b - a +0 robe (worn)
 c - a +0 hat (worn)
Jewellery
 l - a +5 ring of evasion
 n - a ring of willpower (left hand)
 s - a +5 ring of evasion (right hand)
Scrolls
 e - 3 scrolls of teleportation {unknown}
 i - 2 scrolls of identify {unknown}
 m - 2 scrolls of silence {unknown}
 o - a scroll of noise {unknown}
 r - 2 scrolls of fear {unknown}
 u - a scroll of enchant weapon {unknown}
Potions
 d - a potion of magic
 f - 2 potions of brilliance {unknown}
 h - a potion of flight {unknown}
 j - a potion of resistance {unknown}
 k - a potion of invisibility {unknown}
 p - 2 potions of curing {unknown}


   Skills:
 + Level 1.5 Fighting
 + Level 0.3 Maces & Flails
 + Level 2.1 Dodging
 + Level 1.6 Stealth
 * Level 4.2 Spellcasting
 * Level 1.5 Conjurations
 * Level 2.1 Summonings
 * Level 1.8 Translocations
 * Level 1.2 Air Magic


You had 2 spell levels left.
You knew the following spells:

 Your Spells              Type           Power      Damage    Failure   Level
a - Magic Dart            Conj           32%        1d4       9%          1
b - Call Imp              Summ           20%        N/A       10%         2
c - Blink                 Tloc           20%        N/A       11%         2
d - Poisonous Vapours     Pois/Air       10%        N/A       19%         2
e - Mephitic Cloud        Conj/Pois/Air  6%         N/A       30%         3

Your spell library contained the following spells:

 Spells                   Type           Power      Damage    Failure   Level
 Lesser Beckoning         Tloc           20%        N/A       11%         2
 Slow                     Hex            12%        N/A       16%         1
 Cigotuvi's Dreadful Rot  Necr/Pois/Air  10%        N/A       21%         2
 Gell's Gravitas          Tloc           10%        N/A       22%         3
 Teleport Other           Tloc           10%        N/A       22%         3
 Volatile Blastmotes      Fire/Tloc      12%        2d11      30%         3
 Iskenderun's Mystic Bla  Conj/Tloc      9%         2d4       58%         4
 Fulminant Prism          Conj/Hex       3%         3d5       73%         4
 Freezing Cloud           Conj/Ice/Air   3%         6-21      96%         5
 Lee's Rapid Deconstruct  Erth           1%         3d4*      99%         5


Dungeon Overview and Level Annotations

Branches:
Dungeon (4/15)
 Temple: D:4-7

Altars:

Shops:
D:2 (

Annotations:
D:3 3 runed translucent doors, Luinha's ghost, amateur TeMo


Innate Abilities, Weirdness & Mutations

You are too large for most types of armour.
You have tough skin. (AC +1)


Message History

Your cerulean imp disappears in a puff of smoke!
Casting: Call Imp (safe; 10% risk of failure)
Confirm with . or Enter, or press ? or * to list all spells.
Aiming: Magic Dart (safe; 9% risk of failure)
Press: ? - help, Shift-Dir - straight line, f - jelly
Aim: a jelly (ally target, 100% to hit)
The magic dart hits the jelly.
The jelly is lightly wounded.
Casting: Magic Dart (safe; 9% risk of failure)
Confirm with . or Enter, or press ? or * to list all spells.
Aiming: Magic Dart (safe; 9% risk of failure)
Press: ? - help, Shift-Dir - straight line, f/p - jelly
Aim: a jelly (lightly wounded, ally target, 100% to hit)
The magic dart hits the jelly.
The jelly is moderately wounded.
You feel stable enough to blink again.
Your cerulean imp hits the jelly from afar with a -3 spear.
Casting: Magic Dart (safe; 9% risk of failure)
Confirm with . or Enter, or press ? or * to list all spells.
Aiming: Magic Dart (safe; 9% risk of failure)
Press: ? - help, Shift-Dir - straight line, f/p - jelly
Aim: a jelly (heavily wounded, ally target, 100% to hit)
The magic dart hits the jelly.
The jelly is severely wounded.
Your cerulean imp hits the jelly with a -3 spear.
Your cerulean imp is burned by acid!
The jelly completely misses you.
Casting: Magic Dart (safe; 9% risk of failure)
Confirm with . or Enter, or press ? or * to list all spells.
Aiming: Magic Dart (safe; 9% risk of failure)
Press: ? - help, Shift-Dir - straight line, f/p - jelly
Aim: a jelly (severely wounded, ally target, 100% to hit)
The magic dart hits the jelly.
The jelly is almost dead.
Your cerulean imp hits the jelly with a -3 spear.
Your cerulean imp is burned by acid!
The jelly hits you.
* * * LOW HITPOINT WARNING * * *
You are splashed with acid!
You die...

#)##.# #.#
#.#.##.##.###.#####
#.....)).........))
###.#....<.o..####.
#.#..######.# #<
##.#.## #.# #.
##5.o.# ..# #.
######..J..# ### #.
.......@...# #.
.####+##.#.# #. ##
##


You could see a jelly (ally target), an orc and a friendly cerulean imp
(summoned).

Vanquished Creatures
  Natasha (D:2)
  4 gnolls (D:4)
  An adder (D:3)
  A worm (D:3)
  3 dart slugs
  6 orcs
  6 ball pythons
  5 endoplasms
  2 giant cockroaches
  6 goblins
  5 hobgoblins
  4 jackals (D:1)
  5 kobolds
  2 quokkas (D:1)
  5 bats (D:1)
  3 frilled lizards
  2 rats
61 creatures vanquished.

Notes
Turn   | Place    | Note
-------+----------+-------------------------------------------
     0 | D:1      | Ashen the Ogre Hedge Wizard began the quest for the Orb.
     0 | D:1      | Reached XP level 1. HP: 16/16 MP: 5/5
    89 | D:1      | Reached skill level 1 in Conjurations
   175 | D:1      | Reached skill level 1 in Summonings
   175 | D:1      | Reached skill level 1 in Translocations
   207 | D:1      | Reached XP level 2. HP: 22/26 MP: 6/6
   444 | D:1      | Learned a level 2 spell: Call Imp
   447 | D:1      | Learned a level 2 spell: Blink
   450 | D:1      | Learned a level 2 spell: Poisonous Vapours
   630 | D:1      | Reached XP level 3. HP: 32/32 MP: 5/8
   745 | D:1      | Reached skill level 1 in Fighting
  1365 | D:2      | Reached skill level 4 in Spellcasting
  1611 | D:2      | Found Ecwa's Antique Weapon Emporium.
  1646 | D:2      | Learned a level 3 spell: Mephitic Cloud
  1668 | D:2      | Identified the +9 mace "Kympoab" {heavy, rElec rF+ Int-5
                  | Dex+4}
  1772 | D:2      | Noticed Natasha
  1783 | D:2      | Killed Natasha
  1784 | D:2      | Reached XP level 4. HP: 21/41 MP: 2/10
  2289 | D:3      | Found a runed translucent gate.
  2289 | D:3      | Found a runed translucent gate.
  2289 | D:3      | Found a runed translucent gate.
  2292 | D:3      | Noticed Luinha's ghost (amateur TeMo)
  2838 | D:3      | Reached skill level 1 in Air Magic
  3062 | D:4      | Reached XP level 5. HP: 40/48 MP: 5/11
  3108 | D:4      | Splashed by a jelly's acid

Illustrated notes

Levels and vault maps discovered:
D:1:      heliophobic_arrival_dark_side_of_the_moon, layout_basic,
          minmay_tetromino_l4
D:2:      layout_basic, serial_shops, nicolae_shop_competitors_out_of_business,
          uniq_natasha
D:3:      layout_loops_cross, ebering_ghost_rock_garden
D:4:      layout_loops_ring, serial_shops, nicolae_shop_real_fake_doors, shop,
          nicolae_shop_statue_plus, kennysheep_diamond

Skill      XL: |  1  2  3  4 |
---------------+-------------+-----
Conjurations   | 1 |  1.5
Summonings     | 1 2 |  2.1
Translocations | 1 |  1.8
Fighting       | 1 |  1.5
Spellcasting   | 4 |  4.2
Dodging        | 2 |  2.1
Air Magic      | 1 |  1.2
Maces & Flails | |  0.3
Stealth        | |  1.6

Action                     |  1- 3 |  4- 6 || total
---------------------------+-------+-------++-------
  Melee: Dagger            |    26 |       ||    26
         Punch             |     2 |       ||     2
         Whip              |    35 |    12 ||    47
         Hand axe          |       |    33 ||    33
   Cast: Magic Dart        |    77 |    47 ||   124
         Poisonous Vapours |     6 |     6 ||    12
         Call Imp          |       |     2 ||     2
         Blink             |       |     1 ||     1
   Stab: Sleeping          |     1 |       ||     1
 Armour: Robe              |    26 |     4 ||    30
  Dodge: Dodged            |    51 |    35 ||    86
